 Dungeon Crawl Stone Soup version 0.31-a0-175-g9f7f995f2b (webtiles) character file.

Game seed: 15816619289505489731

7849 sanka the Envoy of Void (level 11, -1/86 HPs)
             Began as a Demonspawn Ice Elementalist on June 16, 2023.
             Was a High Priest of Lugonu.
             Slain by Snorg (9 damage)
             ... on level 10 of the Dungeon.
             The game lasted 00:19:31 (9437 turns).

sanka the Envoy of Void (DsIE)                      Turns: 9437, Time: 00:19:32

Health: -1/86      AC: 18    Str: 14    XL:     11   Next: 2%
Magic:  18/18      EV: 15    Int: 21    God:    Lugonu [*****.]
Gold:   607        SH:  0    Dex: 14    Spells: 7/14 levels left

rFire   . . .        a - +9 trident of Subterfuge {venom, *Noise rElec rN+++ Will+}
rCold   . . .        (no shield)
rNeg    + + +        v - +2 robe {rN+}
rPois   .            C - +0 helmet
rElec   +            n - +2 cloak
rCorr   .            (no gloves)
SInv    .            (no boots)
Will    +....        m - amulet of magic regeneration
Stlth   ++           S - +4 ring of slaying
HPRegen 0.34/turn    J - +6 ring of strength
MPRegen 0.56/turn

%: no passive effects
@: ice-armoured, freezing walls
A: hooves 1, molten scales 2, demonic guardian 2, powered by pain 1
a: Renounce Religion, Depart the Abyss, Banish, Corrupt, Enter the Abyss


You were on level 10 of the Dungeon.
You worshipped Lugonu.
Lugonu was extremely pleased with you.
You visited 1 branch of the dungeon, and saw 10 of its levels.
You also visited: Ossuary.

You collected 699 gold pieces.
You spent 92 gold pieces at shops.


Innate Abilities, Weirdness & Mutations

You have large cloven feet.
You are mostly covered in molten scales. (AC +3)
A demonic guardian rushes to your aid.
You sometimes gain a little power by taking damage.


   Skills:
 + Level 8.1 Fighting
 + Level 5.2 Polearms
 + Level 7.6 Dodging
 - Level 1.7 Stealth
 - Level 2.0 Spellcasting
 - Level 8.0 Ice Magic
 + Level 10.5 Invocations


You had 7 spell levels left.
You knew the following spells:

 Your Spells              Type           Power      Damage    Failure   Level
a - Ozocubu's Armour      Ice            35%        N/A       1%          3
y - Frozen Ramparts       Ice            70%        1d11      1%          3
z - Freeze                Ice            100%       1d10      1%          1

Your spell library contained the following spells:

 Spells                   Type           Power      Damage    Failure   Level
 Kiss of Death            Conj/Necr      8%         2d6       14%         1
 Sandblast                Erth           4%         2d4       14%         1
 Cigotuvi's Dreadful Rot  Necr/Pois/Air  4%         N/A       22%         2
 Passwall                 Tmut/Erth      1%         N/A       22%         2
 Sublimation of Blood     Necr           2%         N/A       22%         2
 Summon Ice Beast         Ice/Summ       18%        N/A       28%         4
 Confusing Touch          Hex            2%         N/A       41%         3
 Dazzling Flash           Conj/Hex       4%         N/A       41%         3
 Stone Arrow              Conj/Erth      4%         3d7       41%         3
 Vhi's Electric Charge    Tloc/Air       4%         N/A       41%         3
 Dispel Undead            Necr           2%         3d7       82%         4
 Petrify                  Tmut/Erth      2%         N/A       82%         4
 Agony                    Necr           2%         N/A       99%         5
 Arcjolt                  Conj/Air       1%         1d11      99%         5
 Blade Hands              Tmut           1%         N/A       99%         5
 Irradiate                Conj/Tmut      1%         3d12      99%         5
 Silence                  Hex/Air        1%         N/A       99%         5
 Death Channel            Necr           1%         N/A       100%        6
 Dragon Form              Tmut           1%         N/A       100%        7
 Maxwell's Capacitive Co  Air            1%         ∞         100%        8

Inventory:

Hand Weapons
 a - the +9 trident of Subterfuge (weapon) {venom, *Noise rElec rN+++ Will+} rElec: It insulates you from electricity. rN: It renders you almost immune to negative energy. *Noise: It may make noises in combat. Will: It increases your willpower.
 b - a +0 spear of distortion
Missiles
 c - 2 poisoned darts
 F - a throwing net {=f}
Armour
 n - a +2 cloak (worn)
 v - a +2 robe of positive energy (worn)
 C - a +0 helmet (worn)
Magical Staves
 R - a staff of cold
Jewellery
 e - a ring of see invisible
 m - an amulet of magic regeneration (around neck)
 D - a ring of willpower
 E - a ring of flight
 J - a +6 ring of strength (right hand)
 M - a ring of positive energy
 N - an amulet of reflection
 S - a +4 ring of slaying (left hand)
Wands
 t - a wand of paralysis (9)
 I - a wand of flame (21)
 L - a wand of digging (5)
Scrolls
 d - a scroll of immolation {unknown}
 k - a scroll of butterflies {unknown}
 l - a scroll of torment {unknown}
 o - a scroll of silence {!r}
 p - 5 scrolls of poison {!r}
 u - 3 scrolls of enchant armour
 y - a scroll of enchant weapon
 B - 4 scrolls of amnesia {unknown}
 G - 3 scrolls of fear
 H - a scroll of vulnerability {unknown}
 K - a scroll of fog {unknown}
 O - a scroll of blinking {unknown}
 Q - a scroll of brand weapon {unknown}
Potions
 f - a potion of resistance {unknown}
 g - 3 potions of lignification {unknown}
 h - 2 potions of cancellation {unknown}
 i - 3 potions of berserk rage {unknown}
 j - 10 potions of curing {unknown}
 q - 2 potions of might {unknown}
 r - 2 potions of degeneration {unknown}
 s - a potion of attraction {unknown}
 w - 2 potions of enlightenment {unknown}
 x - 4 potions of heal wounds {unknown}
 z - a potion of brilliance {unknown}
 A - 2 potions of mutation {unknown}
 P - a potion of magic
 T - a potion of invisibility {unknown}
 U - a potion of ambrosia {unknown}

Dungeon Overview and Level Annotations

Branches:
Dungeon (10/15)            Temple (0/1) D:7            Lair (0/5) D:9
Ossuary (visited)
    Orc: D:9-12

Altars:
Ashenzari
Dithmenos
Kikubaaqudgha
Trog
Uskayaw
Lugonu

Shops:
D:3 [

Annotations:
D:10 Snorg

▒.. .. ▒.. ▒. ▒.. ..
▒▒▒▒▒▒..
£▒▒▒▒▒▒▒▒.......
▒▒▒▒▒▒▒▒..........▒....▒
▒....4...▒▒▒▒▒▒▒....▒▒▒▒
▒......T.............▒
▒6▒▒▒▒▒▒.......▒▒▒ ▒▒4▒
▒............ ▒..▒
▒.▒.......▒▒▒
▒.▒▒▒▒▒.▒▒▒▒▒▒▒▒▒
▒.▒▒....▒ ▒▒.▒▒.▒▒▒▒
▒.....▒ . ▒...▒▒▒ ..
▒...▒ ...


You could see Snorg (berserk, extremely poisoned, ally target), a friendly ice
devil (summoned) and a friendly rust devil (summoned).


Message History

The wall freezes Snorg.
Snorg closely misses you. Snorg claws you but does no damage. Snorg claws you.
* * * LOW HITPOINT WARNING * * *
You closely miss Snorg. You kick Snorg. You punch Snorg.
Snorg is severely wounded.
The wall freezes Snorg.
Snorg bites you but does no damage. Snorg closely misses you.
Snorg claws you but does no damage.
You puncture Snorg! You kick Snorg. You punch Snorg.
Snorg is almost dead.
The wall freezes Snorg.
Snorg barely misses you. Snorg closely misses you. Snorg claws you!
* * * LOW HITPOINT WARNING * * *
The wall freezes Snorg.
Snorg bites you!
* * * LOW HITPOINT WARNING * * *
Snorg claws you!
* * * LOW HITPOINT WARNING * * *
A demonic guardian appears!
Snorg claws you!
You die...

Action                     |  1- 3 |  4- 6 |  7- 9 | 10-12 || total
---------------------------+-------+-------+-------+-------++-------
  Melee: Mace              |    10 |       |       |       ||    10
         Whip              |    48 |    35 |   287 |       ||   370
         Punch             |       |       |     6 |     3 ||     9
         Trident           |       |       |    89 |   121 ||   210
         Kick              |       |       |       |     4 ||     4
   Cast: Freeze            |    47 |    23 |    29 |       ||    99
         Frozen Ramparts   |       |     3 |    21 |    12 ||    36
         Ozocubu's Armour  |       |     1 |    27 |    10 ||    38
    Use: Scroll            |       |       |     5 |       ||     5
   Stab: Sleeping          |     1 |     2 |    15 |       ||    18
 Armour: Robe              |    18 |    10 |   164 |    45 ||   237
  Dodge: Dodged            |    57 |    25 |   247 |    66 ||   395

Levels and vault maps discovered:
D:1:      ebering_trefoil_twist, layout_basic,
          chequers_ecumenical_altar_simple_redux, st_stairs_12, minmay_tall_x
D:2:      minmay_chambers_of_ones, layout_basic, basic_altar, uniq_sigmund
D:3:      layout_basic, serial_shops, nicolae_shop_drivethru,
          minmay_misc_feat_room, amcnicky_mini_rare_corridor_liquid,
          uniq_terence
D:4:      layout_basic, nicolae_ossuary_entry_plus, uniq_robin, uniq_duvessa,
          uniq_eustachio
D:5:      layout_cave_pools, kennysheep_generic_room_11
D:6:      layout_layer_cave, ashenzari_conservatory_becter,
          kennysheep_generic_room_13, uniq_menkaure
D:7:      layout_loops_ring, mainiacjoe_overflow_six_doors_small,
          minmay_temple_entry_waves
D:8:      layout_rooms, mainiacjoe_overflow_surrounded_room
D:9:      minmay_four_partial_circles, layout_irregular_city,
          mainiacjoe_overflow_alcove_1, kennysheep_vampire_church,
          lair_entry_dummy
D:10:     layout_rooms, uniq_lodul, uniq_snorg

Notes
Turn   | Place    | Note
-------+----------+-------------------------------------------
     0 | D:1      | sanka the Demonspawn Ice Elementalist began the quest for
                  | the Orb.
     0 | D:1      | Reached XP level 1. HP: 13/13 MP: 3/3
    39 | D:1      | Found a faded altar of an unknown god.
   122 | D:1      | Prayed at the altar of an unknown god.
   122 | D:1      | Became a worshipper of Lugonu the Unformed
   122 | D:1      | Reached * piety under Lugonu
   229 | D:1      | Reached skill level 4 in Ice Magic
   270 | D:1      | Gained mutation: You are partially covered in molten
                  | scales. (AC +2) [demonic ancestry]
   270 | D:1      | Reached XP level 2. HP: 19/19 MP: 3/5
   520 | D:1      | Reached XP level 3. HP: 24/24 MP: 0/6
  1067 | D:2      | Found a hide-covered altar of Uskayaw.
  1252 | D:2      | Learned a level 3 spell: Frozen Ramparts
  1362 | D:2      | Reached skill level 5 in Ice Magic
  1831 | D:2      | Noticed Sigmund
  1836 | D:2      | Killed Sigmund
  1837 | D:2      | Reached skill level 6 in Ice Magic
  1837 | D:2      | Reached XP level 4. HP: 30/30 MP: 5/7
  1837 | D:2      | Gained mutation: A weak demonic guardian rushes to your
                  | aid. [demonic ancestry]
  1837 | D:2      | Reached XP level 5. HP: 35/35 MP: 5/8
  2425 | D:3      | Noticed Terence
  2433 | D:3      | Killed Terence
  2433 | D:3      | Reached ** piety under Lugonu
  2434 | D:3      | Reached XP level 6. HP: 35/41 MP: 5/9
  2503 | D:3      | Learned a level 3 spell: Ozocubu's Armour
  2579 | D:3      | Found a transporter.
  2582 | D:3      | Found Cifetil's Antique Armour Boutique.
  2864 | D:3      | Found a transporter.
  3094 | D:3      | Noticed an ice beast
  3132 | D:3      | Killed an ice beast
  3133 | D:3      | Reached skill level 7 in Ice Magic
  3432 | D:3      | Bought a runed robe for 92 gold pieces
  3490 | D:4      | Noticed Dowan
  3490 | D:4      | Noticed Duvessa
  3502 | D:4      | Killed Duvessa
  3506 | D:4      | Killed Dowan
  3507 | D:4      | Gained mutation: A demonic guardian rushes to your aid.
                  | [demonic ancestry]
  3507 | D:4      | Reached XP level 7. HP: 32/46 MP: 3/10
  3685 | D:4      | Found a sand-covered staircase.
  3693 | Ossuary  | Entered an ossuary
  3697 | Ossuary  | Reached skill level 8 in Ice Magic
  3752 | Ossuary  | Noticed Menkaure
  3787 | Ossuary  | Reached skill level 2 in Dodging
  3787 | Ossuary  | Reached skill level 1 in Invocations
  3899 | Ossuary  | HP: 2/47 [Menkaure (17)]
  3900 | Ossuary  | Killed Menkaure
  3901 | Ossuary  | Reached skill level 1 in Fighting
  3901 | Ossuary  | Reached skill level 2 in Invocations
  4261 | Ossuary  | Reached skill level 2 in Fighting
  4435 | Ossuary  | Reached skill level 3 in Invocations
  4454 | Ossuary  | Reached *** piety under Lugonu
  4618 | D:4      | Reached skill level 3 in Dodging
  4701 | D:4      | Noticed Robin
  4707 | D:4      | Reached XP level 8. HP: 45/57 MP: 6/11
  4712 | D:4      | Killed Robin
  4713 | D:4      | Reached skill level 3 in Fighting
  4866 | D:4      | Reached skill level 4 in Invocations
  5111 | D:5      | Entered Level 5 of the Dungeon
  5451 | D:5      | Reached skill level 5 in Invocations
  5455 | D:5      | Reached skill level 4 in Fighting
  5455 | D:5      | Reached skill level 4 in Dodging
  5458 | D:5      | Reached **** piety under Lugonu
  5835 | D:6      | Reached skill level 6 in Invocations
  5939 | D:6      | Reached skill level 5 in Fighting
  5939 | D:6      | Gained mutation: You are mostly covered in molten scales.
                  | (AC +3) [demonic ancestry]
  5939 | D:6      | Reached XP level 9. HP: 63/68 MP: 10/13
  5981 | D:6      | Reached skill level 5 in Dodging
  6171 | D:6      | Found a broken altar of Ashenzari.
  6908 | D:7      | Found a hide-covered altar of Uskayaw.
  6949 | D:7      | Found a staircase to the Ecumenical Temple.
  6967 | D:7      | Reached skill level 7 in Invocations
  6981 | D:7      | Identified the +9 trident of Subterfuge {venom, *Noise
                  | rElec rN+++ Will+}
  7298 | D:7      | Reached skill level 1 in Polearms
  7634 | D:8      | Found a bloodstained altar of Trog.
  7716 | D:8      | Reached skill level 6 in Fighting
  7902 | D:8      | Reached skill level 2 in Polearms
  7902 | D:8      | Reached skill level 8 in Invocations
  8036 | D:9      | Found a staircase to the Lair.
  8051 | D:9      | Reached skill level 6 in Dodging
  8103 | D:9      | Found a shadowy altar of Dithmenos.
  8211 | D:9      | Found an ancient bone altar of Kikubaaqudgha.
  8293 | D:9      | Reached ***** piety under Lugonu
  8302 | D:9      | Noticed a two-headed ogre
  8309 | D:9      | Killed a two-headed ogre
  8310 | D:9      | Reached skill level 3 in Polearms
  8310 | D:9      | Gained mutation: You sometimes gain a little power by
                  | taking damage. [demonic ancestry]
  8310 | D:9      | Reached XP level 10. HP: 68/77 MP: 13/16
  8425 | D:9      | Reached skill level 9 in Invocations
  8433 | D:9      | Reached skill level 7 in Fighting
  8654 | D:9      | Reached skill level 4 in Polearms
  8662 | D:9      | Reached skill level 7 in Dodging
  9191 | D:10     | Entered Level 10 of the Dungeon
  9226 | D:10     | Reached skill level 10 in Invocations
  9234 | D:10     | Reached skill level 5 in Polearms
  9239 | D:10     | Reached skill level 8 in Fighting
  9251 | D:10     | Gained mutation: You have large cloven feet. [demonic
                  | ancestry]
  9251 | D:10     | Reached XP level 11. HP: 61/86 MP: 18/18
  9426 | D:10     | Noticed Snorg
  9437 | D:10     | HP: 8/86 [Snorg (15)]
  9437 | D:10     | Slain by Snorg

Vanquished Creatures
  A two-headed ogre (D:9)
  A troll (D:9)
  Sigmund (D:2)
  A shadow (D:10)
  13 yaks
  3 wyverns
  2 acid dragons (D:9)
  2 water moccasins (D:5)
  Duvessa (D:4)
  A sky beast (D:7)
  2 orc warriors (D:9)
  2 black bears (D:6)
  2 ice beasts
  An ogre (D:4)
  3 centaurs
  4 bullfrogs
  A scorpion (D:4)
  2 gnoll sergeants
  16 wights
  Dowan (D:4)
  A killer bee (D:9)
  A howler monkey (D:10)
  A vampire bat (D:9)
  3 centaur zombies (Ossuary)
  A jelly (D:4)
  A hound (D:5)
  3 orc priests
  Terence (D:3)
  2 iguanas
  12 orc wizards
  An ogre zombie (Ossuary)
  Robin (D:4)
  5 mummies (Ossuary)
  6 adders
  9 gnolls
  2 shadow imps
  A white imp (D:5)
  4 adder zombies (Ossuary)
  3 worms
  2 dart slugs
  25 orcs
  4 ball pythons
  3 bat skeletons (D:9)
  2 bat zombies (D:9)
  7 endoplasms
  6 giant cockroaches
  A gnoll zombie (Ossuary)
  15 goblins
  12 hobgoblins
  4 jackals (D:1)
  12 kobolds
  6 quokkas
  4 bats
  2 frilled lizards (D:2)
  3 goblin zombies (Ossuary)
  3 hobgoblin zombies (Ossuary)
  4 kobold zombies (Ossuary)
  10 quokka zombies (Ossuary)
  3 rats
246 creatures vanquished.

Vanquished Creatures (collateral kills)
  A kobold demonologist (D:10)
  Menkaure (Ossuary)
  A scorpion (D:6)
  An ogre zombie (Ossuary)
  A mummy (Ossuary)
  A goblin (D:3)
  A hobgoblin (D:4)
  A kobold (D:10)
8 creatures vanquished.

Grand Total: 254 creatures vanquished
